 Dungeon Sprint DCSS version 0.29.1-15-g9cfb28693d (webtiles) character file.

Game seed: 8930383807336761917

117360 boopmooplesden the Minotaur Porcupine (level 15, -9/174 HPs)
             Began as a Minotaur Berserker on Mar 11, 2023.
             Was a High Priest of Trog.
             Succumbed to a nagaraja's splash of poison
             ... in the Dungeon (Sprint IX: "|||||||||||||||||||||||||||||").
             The game lasted 00:18:05 (6604 turns).

boopmooplesden the Minotaur Porcupine (MiBe)        Turns: 6604, Time: 00:18:05

Health: -9/174     AC: 44    Str: 35    XL:     15   Next: 49%
Magic:  14/14      EV: 14    Int:  4    God:    Trog [*****.]
Gold:   291        SH:  0    Dex: 10    Spells: 14/14 levels left

rFire   . . .      SeeInvis .   u - +7 bardiche (vorpal)
rCold   . . .      Faith    .   (shield currently unavailable)
rNeg    . . .      Spirit   .   G - +5 plate armour
rPois   .          Reflect  .   x - +0 hat
rElec   .          Harm     .   H - +0 cloak of Free Will {Will+}
rCorr   .          Rampage  .   w - +1 pair of gloves {Str+3}
Will    ++++.      NoTele   +   m - +2 pair of boots
Stlth   ..........              (no amulet)
HPRegen 1.39/turn               p - +3 ring of strength
MPRegen 0.14/turn               y - ring of the Tortoise {AC+8}

@: lethally poisoned (-9 -> -45), strong-willed, on berserk cooldown,
regenerating, slowed, constricted, very slow
A: horns 2, retaliatory headbutt
}: 2/17 runes: decaying, gossamer
a: Renounce Religion, Berserk, Trog's Hand, Brothers in Arms


You were in the Dungeon.
You worshipped Trog.
Trog was extremely pleased with you.
You visited 1 branch You collected 1932 gold pieces.
You spent 1641 gold pieces at shops.

Inventory:

Hand Weapons
 a - a +0 spear
 k - a +4 halberd of protection
 r - a +0 glaive of flaming
 s - a +2 halberd of flaming
 t - a +1 halberd of flaming
 u - a +7 vorpal bardiche (weapon)
Missiles
 D - a throwing net (quivered)
Armour
 b - a +0 animal skin
 l - a +2 pair of gloves
 m - a +2 pair of boots (worn)
 n - a +3 ring mail
 v - a +1 plate armour
 w - a +1 pair of gloves of strength (worn)
 x - a +0 hat (worn)
 G - a +5 plate armour (worn)
 H - the +0 cloak of Free Will (worn) {Will+}
   (You found it in the Dungeon)

   Will:      It increases your willpower.
Jewellery
 d - a +6 ring of dexterity
 o - a +2 ring of evasion
 p - a +3 ring of strength (left hand)
 y - the ring of the Tortoise (right hand) {AC+8}
   (You bought it in a shop in the Dungeon)

   [ring of protection]

   AC:        It affects your AC (+8).
 z - a ring of protection from fire
 A - a ring of protection from cold
 B - a ring of protection from fire
 C - a ring of poison resistance
 E - a +4 ring of evasion
 F - a +4 ring of evasion
Scrolls
 h - 2 scrolls of blinking
 q - 2 scrolls of butterflies
 K - 4 scrolls of fear
 L - 6 scrolls of enchant weapon
Potions
 c - 5 potions of curing
 e - 2 potions of haste
 f - 4 potions of magic
 g - 6 potions of berserk rage
 i - 2 potions of invisibility
 I - a potion of heal wounds
 J - a potion of might


   Skills:
 O Level 27 Fighting
 O Level 27 Polearms
 O Level 27 Armour
 + Level 24.1 Dodging
 + Level 5.5 Stealth
 + Level 2.5 Unarmed Combat
 + Level 5.6 Evocations


You had 14 spell levels left.
You didn't know any spells.
Your spell library was empty.

Dungeon Overview and Level Annotations

Branches:
Dungeon (1/1)

Altars:
Cheibriados
Dithmenos
Elyvilon
Fedhas
Gozag
Hepliaklqana
Kikubaaqudgha
Makhleb
Nemelex Xobeh
Okawaru
Qazlal
Ru
Sif Muna
Trog
Uskayaw
Vehumet
Wu Jian
Xom
Yredelemnul
Zin
The Shining One
Jiyva
Lugonu

Shops:
D [[[=


Innate Abilities, Weirdness & Mutations

You have a pair of horns on your head.
You reflexively headbutt those who attack you in melee.


Message History

The naga mage blinks!
The naga mage hits you but does no damage.
A nagaraja comes into view. It is wielding a +0 spear.
The nagaraja points at you and mumbles some strange words.
The poison arrow hits you!
You are more poisoned.
The nagaraja constricts you.
* * * LOW HITPOINT WARNING * * *
Your Dodging skill increases to level 24!
* * * LOW HITPOINT WARNING * * *
You feel extremely sick.
The nagaraja shouts!
The naga mage barely misses you. x2; The nagaraja barely misses you.
The nagaraja constricts you.
* * * LOW HITPOINT WARNING * * *
The naga mage barely misses you. The naga mage spits poison at you.
The splash of poison hits you but does no damage.
You are more poisoned.
The nagaraja closely misses you. You furiously retaliate!
You headbutt the nagaraja. The nagaraja constricts you.
The naga mage hits you but does no damage. x2
* * * LOW HITPOINT WARNING * * *
You feel extremely sick. The nagaraja spits poison at you.
The splash of poison hits you!
You are more poisoned.
* * * LOW HITPOINT WARNING * * *
The nagaraja constricts you. The naga mage closely misses you. x2
The nagaraja hits you with a +0 spear.
* * * LOW HITPOINT WARNING * * *
The nagaraja constricts you.
The nagaraja mumbles some strange words.
The nagaraja seems to speed up.
The naga mage hits you from afar with a +0 spear.
* * * LOW HITPOINT WARNING * * *
The naga mage hits you but does no damage.
You slash the naga mage!
The naga mage is moderately wounded.
You die...

[▓)▓)▓.▓.▓.▓.▓.▓.▓
)▓.▓÷▓.▓.▓.▓[▓.▓.▓
.▓.▓)▓.▓.▓.▓[▓)▓.▓
.▓p▓.▓.▓.▓.▓.▓)▓.▓
)▓p▓)▓.▓.▓.▓[▓.▓)▓
)▓.▓)▓.▓+▓.▓[▓.▓.▓
†▓.▓)▓.▓[▓.▓.▓.▓N▓
[▓.▓)▓.▓)▓.▓.▓.▓N▓
.▓.▓)▓.▓)▓.▓.▓.▓@▓
.▓.▓.▓.▓)▓.▓.▓.▓N▓
.▓.▓.▓.▓)▓.▓.▓.▓N▓
)▓.▓.▓.▓.▓.▓.▓.▓N▓
.▓)▓.▓.▓)▓.▓.▓.▓S▓
.▓.▓.▓.▓)▓.▓.▓.▓S▓
(▓.♣†♣.▓.▓.▓.▓.▓N▓
.▓.♣.♣.▓.▓.▓.▓.▓.▓
.▓.♣.♣.▓.▓.▓.▓.▓


You could see 3 nagarajas, 2 guardian serpents and 3 naga magi.

Vanquished Creatures
  Margery (D)
  Xtahua (D)
  Rupert (D)
  A sphinx (D)
  A tengu reaver (D)
  2 fire giants (D)
  3 nagarajas (D)
  An iron dragon (D)
  6 emperor scorpions (D)
  2 vault wardens (D)
  4 ghost moths (D)
  An orc warlord (D)
  2 very ugly things (D)
  2 ironbound preservers (D)
  2 stone giants (D)
  2 ironbound thunderhulks (D)
  2 eleionomae (D)
  A dire elephant (D)
  2 fire dragons (D)
  3 ettins (D)
  Josephine (D)
  A great orb of eyes (D)
  9 hydras (D)
  2 ogre magi (D)
  2 ghost crabs (D)
  An anaconda (D)
  An ironbound frostheart (D)
  A boulder beetle (D)
  2 catoblepae (D)
  A merfolk avatar (D)
  3 deep troll earth magi (D)
  A death yak (D)
  A spriggan berserker (D)
  2 naga sharpshooters (D)
  3 hell knights (D)
  A sun moth (D)
  A sea snake (D)
  3 swamp dragons (D)
  6 deep trolls (D)
  2 steelbarb worms (D)
  A spriggan druid (D)
  A wizard (D)
  A naga ritualist (D)
  A harpy (D)
  An orc knight (D)
  3 necromancers (D)
  A wolf spider (D)
  A will-o-the-wisp (D)
  2 ugly things (D)
  3 manticores (D)
  A moth of wrath (D)
  An elephant (D)
  4 vault sentinels (D)
  4 black mambas (D)
  3 cane toads (D)
  2 naga magi (D)
  A torpor snail (D)
  A komodo dragon (D)
  A kobold demonologist (D)
  An efreet (D)
  A polar bear (D)
  5 tyrant leeches (D)
  A meliai (D)
  A bloated husk (D)
  A slime creature (D)
  2 wind drakes (D)
  3 merfolk (D)
  7 trolls (D)
  A hornet (D)
  2 tarantellas (D)
  A jumping spider (D)
  2 hogs (D)
  5 wraiths (D)
  A wyvern (D)
  4 yaks (D)
  Grum (D)
  2 nagas (D)
  A redback (D)
  An acid dragon (D)
  2 water moccasins (D)
  10 orc warriors (D)
  2 swamp drakes (D)
  A boggart (D)
  3 wolves (D)
  An ogre (D)
  A bullfrog (D)
  A hound (D)
  An orc priest (D)
  2 iguanas (D)
  5 orc wizards (D)
  A gnoll (D)
  4 worms (D)
  9 orcs (D)
  An endoplasm (D)
  A frilled lizard (D)
  2 kobolds (D)
  A rat (D)
208 creatures vanquished.

Vanquished Creatures (collateral kills)
  Kirke (D)
  An emperor scorpion (D)
  A ghost moth (D)
  A stone giant (D)
  An ettin (D)
  A peacekeeper (D)
  An ironbound frostheart (D)
  A tengu warrior (D)
  A vampire mage (D)
  A deep troll earth mage (D)
  A naga ritualist (D)
  A sea snake (shapeshifter) (D)
  A wizard (D)
  An ironbound convoker (D)
  A vault sentinel (D)
  A slime creature (D)
  A vampire (D)
17 creatures vanquished.

Vanquished Creatures (others)
  A wizard (D)
  2 will-o-the-wisps (D)
  6 foxfires (D)
9 creatures vanquished.

Grand Total: 234 creatures vanquished

Notes
Turn   | Place    | Note
-------+----------+-------------------------------------------
     0 | D        | boopmooplesden the Minotaur Berserker began the quest for
                  | the Orb.
     0 | D        | Reached XP level 1. HP: 19/19 MP: 0/0
    10 | D        | Reached ** piety under Trog
    20 | D        | Noticed an ogre
    20 | D        | Noticed an iguana
    20 | D        | Noticed a hound
    20 | D        | Noticed an iguana
    26 | D        | Reached skill level 5 in Polearms
    26 | D        | Reached XP level 2. HP: 10/28 MP: 1/1
    28 | D        | Killed an ogre
    28 | D        | Reached *** piety under Trog
    29 | D        | Reached XP level 3. HP: 14/39 MP: 2/2
    29 | D        | Reached XP level 4. HP: 17/47 MP: 3/3
    35 | D        | Reached XP level 5. HP: 6/53 MP: 4/4
   287 | D        | Found a snail-covered altar of Cheibriados.
   287 | D        | Found a shadowy altar of Dithmenos.
   287 | D        | Found a white marble altar of Elyvilon.
   287 | D        | Found a blossoming altar of Fedhas.
   287 | D        | Found an opulent altar of Gozag.
   288 | D        | Found a hazy altar of Hepliaklqana.
   289 | D        | Found a viscous altar of Jiyva.
   290 | D        | Found an ancient bone altar of Kikubaaqudgha.
   291 | D        | Found a corrupted altar of Lugonu.
   292 | D        | Found a burning altar of Makhleb.
   293 | D        | Found a sparkling altar of Nemelex Xobeh.
   294 | D        | Found an iron altar of Okawaru.
   295 | D        | Found a stormy altar of Qazlal.
   296 | D        | Found a sacrificial altar of Ru.
   297 | D        | Found a shimmering blue altar of Sif Muna.
   298 | D        | Found a bloodstained altar of Trog.
   299 | D        | Found a hide-covered altar of Uskayaw.
   300 | D        | Found a radiant altar of Vehumet.
   301 | D        | Found an ornate altar of the Wu Jian Council.
   302 | D        | Found a shimmering altar of Xom.
   303 | D        | Found a basalt altar of Yredelemnul.
   304 | D        | Found a glowing silver altar of Zin.
   305 | D        | Found a glowing golden altar of the Shining One.
   313 | D        | Found the +6 Majin-Bo {vamp, MP+6 Int+6}
   356 | D        | Noticed a troll
   356 | D        | Noticed a yak
   356 | D        | Noticed a hornet
   356 | D        | Noticed a wraith
   356 | D        | Noticed a vampire
   359 | D        | Killed a troll
   359 | D        | Reached **** piety under Trog
   360 | D        | Reached skill level 10 in Fighting
   360 | D        | Reached skill level 5 in Armour
   360 | D        | Reached skill level 5 in Dodging
   360 | D        | Reached skill level 1 in Stealth
   360 | D        | Reached XP level 6. HP: 67/67 MP: 5/5
   363 | D        | Killed a yak
   367 | D        | Killed a hornet
   368 | D        | Reached XP level 7. HP: 74/74 MP: 6/6
   371 | D        | Killed a wraith
   374 | D        | Reached ***** piety under Trog
   385 | D        | Killed a vampire
   386 | D        | Reached XP level 8. HP: 39/84 MP: 7/7
   769 | D        | Noticed a boulder beetle
   769 | D        | Noticed a meliai
   769 | D        | Noticed a catoblepas
   769 | D        | Noticed a white ugly thing
   769 | D        | Noticed a kobold demonologist
   777 | D        | Killed a catoblepas
   778 | D        | Reached skill level 15 in Polearms
   779 | D        | Killed a meliai
   784 | D        | Noticed a red devil
   786 | D        | Noticed a hellwing
   787 | D        | Killed a white ugly thing
   788 | D        | Reached XP level 9. HP: 95/95 MP: 8/8
   796 | D        | Noticed a sun demon
   798 | D        | Killed a kobold demonologist
   821 | D        | Killed a boulder beetle
   822 | D        | Reached skill level 15 in Fighting
  1212 | D        | Noticed a six-headed hydra
  1212 | D        | Noticed a polar bear
  1212 | D        | Noticed a cane toad
  1219 | D        | Noticed a black mamba
  1221 | D        | Killed a nine-headed hydra
  1222 | D        | Reached XP level 10. HP: 107/107 MP: 9/9
  1224 | D        | Noticed a cane toad
  1226 | D        | Received a gift from Trog
  1228 | D        | Killed a cane toad
  1233 | D        | Killed a black mamba
  1234 | D        | Reached skill level 10 in Armour
  1240 | D        | Killed a cane toad
  1241 | D        | Reached skill level 10 in Dodging
  1334 | D        | Noticed a black mamba
  1334 | D        | Noticed a cane toad
  1334 | D        | Noticed an elephant
  1334 | D        | Noticed a four-headed hydra
  1337 | D        | Killed a black mamba
  1341 | D        | Noticed a death yak
  1345 | D        | Killed a cane toad
  1347 | D        | Killed an elephant
  1347 | D        | Reached ****** piety under Trog
  1355 | D        | Killed a nine-headed hydra
  1355 | D        | Received a gift from Trog
  1359 | D        | Killed a death yak
  1366 | D        | Reached XP level 11. HP: 72/119 MP: 10/10
  1629 | D        | Noticed Grum
  1631 | D        | Received a gift from Trog
  1642 | D        | Killed Grum
  1676 | D        | Noticed Josephine
  1689 | D        | Killed Josephine
  1699 | D        | Received a gift from Trog
  1860 | D        | Received a gift from Trog
  2160 | D        | Noticed an orc knight
  2166 | D        | Killed an orc knight
  2170 | D        | Received a gift from Trog
  2192 | D        | Received a gift from Trog
  2340 | D        | Found Nuosis's Armour Emporium.
  2340 | D        | Noticed a deep troll
  2340 | D        | Noticed a deep troll
  2342 | D        | Killed a deep troll
  2346 | D        | Noticed an ogre mage
  2352 | D        | Found Ypisi's Armour Shoppe.
  2352 | D        | Noticed a deep troll
  2355 | D        | Killed a deep troll
  2364 | D        | Found Myomy's Antique Armour Emporium.
  2366 | D        | Killed an ogre mage
  2371 | D        | Killed a deep troll
  2372 | D        | Found Abemoom's Jewellery Shoppe.
  2375 | D        | Noticed a deep troll
  2388 | D        | Received a gift from Trog
  2392 | D        | Killed a deep troll
  2393 | D        | Reached XP level 12. HP: 74/136 MP: 11/11
  2429 | D        | Bought a +1 pair of gloves of strength for 165 gold pieces
  2446 | D        | Bought a hat for 68 gold pieces
  2454 | D        | Bought the ring of the Tortoise {AC+8} for 1408 gold pieces
  2454 | D        | Found the ring of the Tortoise {AC+8}
  2862 | D        | Noticed an ogre mage
  2862 | D        | Noticed a catoblepas
  2870 | D        | Paralysed by something for 2 turns
  2879 | D        | Noticed a tengu warrior
  2882 | D        | Paralysed by something for 3 turns
  2888 | D        | Noticed a stone giant
  2910 | D        | Killed an ogre mage
  2910 | D        | Received a gift from Trog
  2968 | D        | Killed a catoblepas
  2969 | D        | Reached skill level 1 in Evocations
  2973 | D        | Received a gift from Trog
  2976 | D        | Killed a stone giant
  2977 | D        | Reached skill level 5 in Stealth
  2978 | D        | Killed a tengu warrior
  2978 | D        | Noticed a vampire mage
  2982 | D        | Killed a vampire mage
  2987 | D        | Noticed a stone giant
  2992 | D        | Killed a stone giant
  2995 | D        | Noticed a fire dragon
  2996 | D        | Noticed an ettin
  2998 | D        | Noticed a purple very ugly thing
  2998 | D        | Noticed a deep troll earth mage
  3007 | D        | Killed a fire dragon
  3011 | D        | Killed an ettin
  3011 | D        | Received a gift from Trog
  3015 | D        | Killed a purple very ugly thing
  3018 | D        | Killed a deep troll earth mage
  3019 | D        | Reached skill level 15 in Armour
  3072 | D        | Noticed Rupert
  3081 | D        | Killed Rupert
  3097 | D        | Noticed Kirke
  3099 | D        | Received a gift from Trog
  3114 | D        | Killed Kirke
  3357 | D        | Received a gift from Trog
  3358 | D        | Reached XP level 13. HP: 148/148 MP: 0/12
  3376 | D        | Killed a ghost moth
  3377 | D        | Reached skill level 1 in Unarmed Combat
  3378 | D        | Killed a ghost moth
  3608 | D        | Received a gift from Trog
  3624 | D        | Received a gift from Trog
  3850 | D        | Received a gift from Trog
  3864 | D        | Received a gift from Trog
  4140 | D        | Noticed an eleionoma
  4148 | D        | Noticed an eleionoma
  4152 | D        | Killed an eleionoma
  4154 | D        | Killed an eleionoma
  4154 | D        | Received a gift from Trog
  4446 | D        | Noticed an ettin
  4446 | D        | Noticed a tengu reaver
  4446 | D        | Noticed an iron dragon
  4450 | D        | Received a gift from Trog
  4454 | D        | Noticed an ettin
  4454 | D        | Noticed a green very ugly thing
  4456 | D        | Killed an ettin
  4460 | D        | Killed a tengu reaver
  4466 | D        | Killed an iron dragon
  4472 | D        | Killed a green very ugly thing
  4473 | D        | Noticed a stone giant
  4480 | D        | Noticed an ettin
  4481 | D        | Received a gift from Trog
  4487 | D        | Killed an ettin
  4488 | D        | Reached skill level 27 in Polearms
  4488 | D        | Reached XP level 14. HP: 43/165 MP: 13/13
  4530 | D        | Killed a stone giant
  4530 | D        | Received a gift from Trog
  4691 | D        | Noticed a fire giant
  4762 | D        | Killed a fire giant
  4762 | D        | Received a gift from Trog
  4763 | D        | Reached skill level 27 in Fighting
  4906 | D        | Noticed a fire giant
  4912 | D        | Killed a fire giant
  5130 | D        | Noticed an orc warlord
  5130 | D        | Noticed an ironbound preserver
  5130 | D        | Noticed an ironbound thunderhulk
  5134 | D        | Killed an orc warlord
  5137 | D        | Killed an ironbound thunderhulk
  5138 | D        | Noticed an ironbound preserver
  5142 | D        | Received a gift from Trog
  5143 | D        | Reached skill level 15 in Dodging
  5144 | D        | Killed an ironbound preserver
  5146 | D        | Noticed a vault warden
  5157 | D        | Killed an ironbound preserver
  5161 | D        | Killed a vault warden
  5161 | D        | Received a gift from Trog
  5174 | D        | Received a gift from Trog
  5185 | D        | Noticed an ironbound thunderhulk
  5187 | D        | Noticed a sphinx
  5193 | D        | Noticed a vault warden
  5202 | D        | Killed an ironbound thunderhulk
  5204 | D        | Killed a sphinx
  5204 | D        | Received a gift from Trog
  5208 | D        | Killed a vault warden
  5522 | D        | Noticed Xtahua
  5529 | D        | Paralysed by Xtahua for 3 turns
  5533 | D        | Killed Xtahua
  5687 | D        | Got the +0 cloak of Free Will {Will+}
  5793 | D        | Noticed Margery
  5799 | D        | Received a gift from Trog
  5807 | D        | Killed Margery
  5808 | D        | Reached skill level 27 in Armour
  5820 | D        | Received a gift from Trog
  6199 | D        | Reached XP level 15. HP: 174/174 MP: 14/14
  6208 | D        | Received a gift from Trog
  6227 | D        | Received a gift from Trog
  6233 | D        | Got a decaying rune of Zot
  6272 | D        | Noticed an emperor scorpion
  6272 | D        | Noticed an emperor scorpion
  6272 | D        | Noticed an emperor scorpion
  6278 | D        | Killed an emperor scorpion
  6282 | D        | Noticed an emperor scorpion
  6284 | D        | Killed an emperor scorpion
  6290 | D        | Killed an emperor scorpion
  6290 | D        | Noticed an emperor scorpion
  6292 | D        | Received a gift from Trog
  6296 | D        | Killed an emperor scorpion
  6299 | D        | Killed an emperor scorpion
  6301 | D        | Noticed an emperor scorpion
  6309 | D        | Killed an emperor scorpion
  6311 | D        | Noticed an emperor scorpion
  6317 | D        | Killed an emperor scorpion
  6317 | D        | Received a gift from Trog
  6324 | D        | Reached skill level 5 in Evocations
  6326 | D        | Got a gossamer rune of Zot
  6579 | D        | Noticed a nagaraja
  6579 | D        | Noticed a nagaraja
  6580 | D        | Noticed a nagaraja
  6587 | D        | Noticed a nagaraja
  6588 | D        | Killed a nagaraja
  6588 | D        | Received a gift from Trog
  6589 | D        | Noticed a nagaraja
  6591 | D        | Killed a nagaraja
  6601 | D        | Killed a nagaraja
  6601 | D        | Noticed a nagaraja
  6603 | D        | HP: 6/174 [nagaraja/splash of poison (9)]
  6603 | D        | HP: 1/174 [naga mage/+0 spear (2)]
  6604 | D        | Succumbed to a nagaraja's splash of poison

Illustrated notes

Levels and vault maps discovered:
D:        linesprint [early_d, line_temple, items_1, d_10, items_2, lair_1,
          lair_end, items_3, orc_1, orc_end, items_4, d_15, swamp_1, shoals_1,
          snake_1, spider_1, d_20, vaults_1, items_5, swamp_end, shoals_end,
          snake_end, spider_end, vaults_end, d_27, items_6, zot_1, zot_end,
          crypt_end, forest_end, elf_end, slime_end, tomb_end, abyss_end,
          pan_hell_end]

Skill      XL: |  1  2  3  4  5  6  7  8  9 10 11 12 13 14 15 |
---------------+----------------------------------------------+-----
Fighting       | 4 7 8 10 11 12 14 15 18 21 23 26 27 | 27.0
Polearms       | 5 7 8 11 13 14 16 18 20 22 24 27 | 27.0
Dodging        | 3 4 5 6 7 8 9 10 12 13 14 17 24 | 24.1
Armour         | 3 4 5 6 7 8 9 10 12 15 18 27 | 27.0
Stealth        | 1 2 3 4 5 |  5.5
Evocations     | 4 5 |  5.6
Unarmed Combat | 2 |  2.5

Action                   |  1- 3 |  4- 6 |  7- 9 | 10-12 | 13-15 || total
-------------------------+-------+-------+-------+-------+-------++-------
Melee: Spear             |    15 |     8 |       |       |       ||    23
       Headbutt          |     3 |     3 |    10 |    59 |    65 ||   140
       Halberd           |       |     8 |    52 |   195 |       ||   255
       Glaive            |       |       |       |    20 |       ||    20
       Bardiche          |       |       |       |    53 |   289 ||   342
       Unarmed           |       |       |       |     6 |       ||     6
Invok: Berserk           |     1 |     1 |     2 |    10 |    12 ||    26
       Brothers in Arms  |       |       |     2 |     3 |     7 ||    12
       Trog's Hand       |       |       |     1 |     3 |     9 ||    13
Evoke: Wand              |       |       |       |     9 |     1 ||    10
  Use: Scroll            |       |       |     7 |     3 |     7 ||    17
       Potion            |       |       |       |     2 |    11 ||    13
 Stab: Petrified         |       |       |       |     1 |       ||     1
Armor: Animal skin       |     2 |       |       |       |       ||     2
       Ring mail         |       |     3 |    17 |    40 |       ||    60
       Plate armour      |       |       |       |    81 |   242 ||   323
Dodge: Dodged            |     3 |    10 |    43 |   164 |   183 ||   403
